 Dungeon Sprint DCSS version 0.24-a0-528-g98e85ec (webtiles) character file.

Game seed: 17060410207121371812

5593 silentkaos13 the Bludgeoner (level 10, 0/56 HPs)
             Began as a Gargoyle Gladiator on Aug 6, 2019.
             Was an Elder of Okawaru.
             Shot with an arrow by a centaur warrior (5 damage)
             ... in the Dungeon (Sprint I: "Red Sonja").
             The game lasted 00:06:43 (1699 turns).

silentkaos13 the Bludgeoner (Gargoyle Gladiator)    Turns: 1699, Time: 00:06:43

Health: 0/56       AC: 17    Str: 16 (17) XL:     10   Next: 72%
Magic:  7/7        EV: 12    Int:  6 (9)  God:    Okawaru [****..]
Gold:   667        SH:  0    Dex:  6 (7)  Spells: 9/9 levels left

rFire    . . .     SeeInvis .   a - +0 flail
rCold    . . .     Gourm    .   (no shield)
rNeg     + . .     Faith    .   m - +2 scale mail {MR+}
rPois    ∞         Spirit   .   c - +0 helmet
rElec    +         Reflect  .   (no cloak)
rCorr    +         Harm     .   (no gloves)
MR       +....     Rnd*Rage +   (no boots) Stlth ..........NoTele +
                                (no amulet)
HPRegen  0.18/turn              l - ring of resist corrosion
MPRegen  0.10/turn              (no ring)

@: no status effects
A: berserk 2, blurry vision 2, clumsy 2, deformed body, deterioration 2, frail
2, low mp 3, negative energy resistance 1, screaming 1, electricity resistance,
weak 2, unbreathing, petrification resistance, no potion heal 1, rot immunity,
AC +7
a: Heroism, Renounce Religion


You were in the Dungeon.
You worshipped Okawaru.
Okawaru was greatly pleased with you.
You were not hungry.

You visited 1 branch You collected 849 gold pieces.
You spent 182 gold pieces at shops.

Inventory:

Hand Weapons
 a - a +0 flail (weapon)
Missiles
 d - a throwing net (quivered)
Armour
 b - a +0 leather armour
 c - a +0 helmet (worn)
 m - a +2 scale mail of magic resistance (worn)
Jewellery
 l - a ring of resist corrosion (left hand)
Scrolls
 g - a scroll of identify {unknown}
Potions
 e - 3 potions of curing
 h - a potion of haste
 i - 2 potions of magic
 j - a potion of berserk rage
Comestibles
 f - 2 rations


   Skills:
 + Level 11.8 Fighting
 + Level 16.2 Maces & Flails
 - Level 2.3 Throwing
 * Level 12.0 Armour
 + Level 9.2 Dodging


You had 9 spell levels left.
You didn't know any spells.
Your spell library was empty.

Dungeon Overview and Level Annotations

Branches:
Dungeon (1/1)

Altars:
Cheibriados
Dithmenos
Elyvilon
Fedhas
Gozag
Hepliaklqana
Kikubaaqudgha
Makhleb
Nemelex Xobeh
Okawaru
Qazlal
Ru
Sif Muna
Trog
Uskayaw
Vehumet
Wu Jian
Xom
Yredelemnul
Zin
The Shining One
Jiyva
Lugonu

Shops:
D *(}[?[[


Innate Abilities, Weirdness & Mutations

You are resistant to torment.
Your stone body is resilient. (AC +7)
You are immune to poison.
You resist negative energy. (rN+)
You are resistant to electric shocks. (rElec)
You can survive without breathing.
You are immune to petrification.
You are immune to rotting.
You often lose your temper in combat.
Scrolls take you longer to read.
You are very clumsy. (Dex -4)
Armour fits poorly on your strangely shaped body.
Your body often deteriorates upon taking damage.
You are very frail. (-20% HP)
Your magical capacity is extremely low. (-30% MP)
You occasionally shout uncontrollably at your foes.
You are very weak. (Str -4)
Potions are less effective at restoring your health.


Message History

* * * LOW HITPOINT WARNING * * *
Your body deteriorates!
You feel weakened. The centaur warrior hits you!
* * * LOW HITPOINT WARNING * * *
Your body deteriorates!
You feel clumsy.
Your system partially rejects the healing.
You feel better.
The centaur warrior shoots an arrow.
The arrow hits you.
* * * LOW HITPOINT WARNING * * *
The centaur warrior hits you but does no damage.
Unknown command.
Okay, then.
Your system partially rejects the healing.
You feel better. The centaur warrior hits you.
* * * LOW HITPOINT WARNING * * *
The centaur warrior shoots an arrow.
The arrow hits you but does no damage.
Your scale mail prevents you from hitting the centaur warrior.
The centaur warrior is lightly wounded.
The centaur warrior hits you but does no damage.
The centaur warrior shoots an arrow.
The arrow hits you.
You die...

.#..)).#..'..#__#..'5..#
.').#..').#..'^.'..#...#
.#####'#####'#__####K..+
.####..#...#.####??#####
.#__####..##.#§§§§§#
.#_____##'#_.+§§§§.+
⌠#_.∩...'.(._#§c§.§#
##_..__##_(#'##§###
#_____###'#.#[c@.###
##########(####'###)##
........'...'÷....'.∩#
#''''####.(.##########
......####(###
.......#.#'#.#
.#.....#.....#
.......#.(...#
....#..#######


You could see 2 centaur warriors.

Vanquished Creatures
  A deep troll (D)
  8 shining eyes (D)
  2 kobold demonologists (D)
  A slime creature (D)
  Sigmund (D)
  A yak (D)
  5 floating eyes (D)
  An ogre (D)
  A jelly (D)
  Ijyb (D)
  5 ballistomycetes (D)
27 creatures vanquished.

Vanquished Creatures (others)
  Sonja (D)
  2 ballistomycete spores (D)
3 creatures vanquished.

Grand Total: 30 creatures vanquished

Notes
Turn   | Place    | Note
-------+----------+-------------------------------------------
     0 | D        | silentkaos13 the Gargoyle Gladiator began the quest for the
                  | Orb.
     0 | D        | Reached XP level 1. HP: 12/12 MP: 1/1
     1 | D        | Noticed Ijyb
     8 | D        | Killed Ijyb
     8 | D        | Reached skill level 4 in Maces & Flails
     8 | D        | Reached XP level 2. HP: 17/19 MP: 2/2
     8 | D        | Reached XP level 3. HP: 21/23 MP: 3/3
    26 | D        | Noticed an ogre
    31 | D        | Killed an ogre
    31 | D        | Reached skill level 6 in Maces & Flails
    31 | D        | Reached XP level 4. HP: 29/29 MP: 4/4
    42 | D        | Noticed Sigmund
    59 | D        | Killed Sigmund
    59 | D        | Reached skill level 8 in Maces & Flails
    59 | D        | Reached skill level 5 in Armour
    59 | D        | Reached XP level 5. HP: 25/34 MP: 5/5
    59 | D        | Reached XP level 6. HP: 30/40 MP: 6/6
   147 | D        | Found an ornate altar of the Wu Jian Council.
   147 | D        | Found a deep blue altar of Sif Muna.
   149 | D        | Found a radiant altar of Vehumet.
   152 | D        | Reached skill level 5 in Fighting
   186 | D        | Found Kavvuocas's Antique Armour Emporium.
   186 | D        | Found an ancient bone altar of Kikubaaqudgha.
   186 | D        | Found a hazy altar of Hepliaklqana.
   186 | D        | Found a stormy altar of Qazlal.
   186 | D        | Found a hide-covered altar of Uskayaw.
   186 | D        | Found a blossoming altar of Fedhas.
   186 | D        | Found a bloodstained altar of Trog.
   186 | D        | Found an iron altar of Okawaru.
   186 | D        | Found a basalt altar of Yredelemnul.
   186 | D        | Found a glowing golden altar of the Shining One.
   186 | D        | Found a snail-covered altar of Cheibriados.
   186 | D        | Found a sacrificial altar of Ru.
   186 | D        | Found a glowing silver altar of Zin.
   186 | D        | Found a shadowy altar of Dithmenos.
   186 | D        | Found a white marble altar of Elyvilon.
   186 | D        | Noticed a yak
   203 | D        | Killed a yak
   203 | D        | Reached skill level 9 in Maces & Flails
   203 | D        | Reached XP level 7. HP: 19/44 MP: 7/7
   204 | D        | Found an opulent altar of Gozag.
   205 | D        | Found a sparkling altar of Nemelex Xobeh.
   209 | D        | Bought a shiny scale mail for 182 gold pieces
   379 | D        | Became a worshipper of Warmaster Okawaru
   394 | D        | Found a burning altar of Makhleb.
   394 | D        | Found a viscous altar of Jiyva.
   394 | D        | Found a shimmering altar of Xom.
   394 | D        | Found a corrupted altar of Lugonu.
   394 | D        | Noticed a slime creature
   413 | D        | Killed a slime creature
   413 | D        | Reached skill level 10 in Maces & Flails
   656 | D        | Noticed a kobold demonologist
   656 | D        | Noticed a kobold demonologist
   659 | D        | Reached skill level 11 in Maces & Flails
   666 | D        | Noticed a sixfirhy
   670 | D        | Noticed an ice devil
   671 | D        | Killed a kobold demonologist
   671 | D        | Reached * piety under Okawaru
   671 | D        | Reached XP level 8. HP: 53/53 MP: 8/8
   723 | D        | Noticed a rust devil
   732 | D        | Killed a kobold demonologist
   732 | D        | Reached skill level 12 in Maces & Flails
   848 | D        | Noticed Sonja
   931 | D        | Found Beuptahaef's Assorted Antiques.
   931 | D        | Noticed a shining eye
   931 | D        | Noticed a shining eye
   931 | D        | Paralysed by a floating eye for 3 turns
   933 | D        | Killed Sonja
   933 | D        | Reached skill level 13 in Maces & Flails
   933 | D        | Reached XP level 9. HP: 45/60 MP: 9/9
   937 | D        | Noticed a shining eye
   939 | D        | Gained mutation: You tend to lose your temper in combat. [a
                  | shining eye]
   941 | D        | Gained mutation: You are clumsy. (Dex -2) [a shining eye]
   943 | D        | Gained mutation: You often lose your temper in combat. [a
                  | shining eye]
   945 | D        | Gained mutation: You are frail. (-10% HP) [a shining eye]
   946 | D        | Paralysed by a floating eye for 4 turns
   946 | D        | Gained mutation: You are very clumsy. (Dex -4) [a shining
                  | eye]
   952 | D        | Gained mutation: Your magical capacity is low. (-10% MP) [a
                  | shining eye]
   954 | D        | Gained mutation: Your body sometimes deteriorates upon
                  | taking damage. [a shining eye]
   955 | D        | Killed a shining eye
   955 | D        | Reached skill level 10 in Armour
   961 | D        | Reached skill level 14 in Maces & Flails
   961 | D        | Gained mutation: Potions are less effective at restoring
                  | your health. [a shining eye]
   963 | D        | Gained mutation: Armour fits poorly on your strangely
                  | shaped body. [a shining eye]
   969 | D        | Killed a shining eye
   969 | D        | Reached skill level 10 in Fighting
   970 | D        | Noticed a shining eye
   970 | D        | Noticed a shining eye
   970 | D        | Noticed a shining eye
   971 | D        | Gained mutation: You are weak. (Str -2) [a shining eye]
   978 | D        | Killed a shining eye
   978 | D        | Reached ** piety under Okawaru
   978 | D        | Gained mutation: Your body often deteriorates upon taking
                  | damage. [a shining eye]
   980 | D        | Gained mutation: Your magical capacity is very low. (-20%
                  | MP) [a shining eye]
   984 | D        | Gained mutation: Scrolls take you a little longer to read.
                  | [a shining eye]
   988 | D        | Lost mutation: You are very clumsy. (Dex -4) [a shining
                  | eye]
   988 | D        | Gained mutation: You have an uncontrollable temper. [a
                  | shining eye]
   991 | D        | Killed a shining eye
   991 | D        | Reached *** piety under Okawaru
   991 | D        | Reached skill level 15 in Maces & Flails
   991 | D        | Reached XP level 10. HP: 60/61 MP: 8/8
   992 | D        | Lost mutation: You have an uncontrollable temper. [a
                  | shining eye]
   996 | D        | Gained mutation: You are very frail. (-20% HP) [a shining
                  | eye]
   999 | D        | Killed a shining eye
  1002 | D        | Paralysed by a floating eye for 4 turns
  1010 | D        | Killed a shining eye
  1014 | D        | Noticed a shining eye
  1014 | D        | Noticed a shining eye
  1021 | D        | Gained mutation: You are very clumsy. (Dex -4) [a shining
                  | eye]
  1025 | D        | Gained mutation: Scrolls take you longer to read. [a
                  | shining eye]
  1026 | D        | Gained mutation: Your magical capacity is extremely low.
                  | (-30% MP) [a shining eye]
  1029 | D        | Lost mutation: Scrolls take you longer to read. [a shining
                  | eye]
  1030 | D        | Gained mutation: You occasionally shout uncontrollably at
                  | your foes. [a shining eye]
  1031 | D        | Gained mutation: You are very weak. (Str -4) [a shining
                  | eye]
  1032 | D        | Gained mutation: Your spells are a little easier to cast,
                  | but a little less powerful. [a shining eye]
  1036 | D        | Killed a shining eye
  1036 | D        | Reached **** piety under Okawaru
  1039 | D        | Gained mutation: Scrolls take you longer to read. [a
                  | shining eye]
  1043 | D        | Lost mutation: Your spells are a little easier to cast, but
                  | a little less powerful. [a shining eye]
  1046 | D        | Killed a shining eye
  1046 | D        | Reached skill level 16 in Maces & Flails
  1138 | D        | Found Kirgh's Magic Scroll Shop.
  1138 | D        | Found Ezxaf's Weapon Shoppe.
  1138 | D        | Found Lalacvao's Armour Boutique.
  1138 | D        | Found Ikhlew's Gadget Emporium.
  1475 | D        | Noticed a deep troll
  1484 | D        | Killed a deep troll
  1494 | D        | Found Yjoilu's Armour Emporium.
  1688 | D        | Noticed a centaur warrior
  1689 | D        | Noticed a centaur warrior
  1695 | D        | HP: 2/56 [centaur warrior (9)]
  1699 | D        | Shot with an arrow by a centaur warrior

Levels and vault maps discovered:
D:        dungeon_sprint_1 [red_sonja_temple_1, red_sonja_temple_small_1]

Skill      XL: |  1  2  3  4  5  6  7  8  9 10 |
---------------+-------------------------------+-----
Fighting       | 3 4 5 7 8 10 11 | 11.8
Maces & Flails | 4 6 8 9 11 13 15 16 | 16.2
Throwing       | 2 |  2.3
Dodging        | 3 4 6 7 8 9 |  9.2
Armour         | 3 5 6 8 9 10 12 | 12.0

Action                   |  1- 3 |  4- 6 |  7- 9 | 10-12 || total
-------------------------+-------+-------+-------+-------++-------
Melee: Flail             |     9 |    32 |   151 |    80 ||   272
       Punch             |       |       |     1 |       ||     1
Throw: Throwing net      |     1 |     2 |     1 |       ||     4
Invok: Heroism           |       |       |     1 |       ||     1
  Use: Potion            |       |       |     1 |     2 ||     3
       Scroll            |       |       |     1 |       ||     1
 Stab: Held in net/web   |     1 |     1 |       |       ||     2
  Eat: Ration            |       |       |       |     1 ||     1
Armor: Leather armour    |       |     2 |       |       ||     2
       Scale mail        |       |       |    82 |    12 ||    94
Dodge: Dodged            |     4 |    13 |    83 |     3 ||   103

Table legend:
 A = Non-vault XP
 B = Vault XP
 C = Vault XP percentage of total XP
 D = Non-vault monster count
 E = Vault monster count
 F = Vault count percentage of total count
                 A         B        C        D         E       F
            +---------+---------+-------+---------+---------+-------
      Total |       0 |    7990 | 100.0 |       0 |      23 | 100.0
            +---------+---------+-------+---------+---------+-------
          D |       0 |    7990 | 100.0 |       0 |      23 | 100.0
            +---------+---------+-------+---------+---------+-------
